 Dungeon Crawl Stone Soup version 0.31.0-9-g3a7656b989 (webtiles) character file.

Game seed: 7178509242938421744

3069 qw the Nimble (level 9, 0/43 (45) HPs)
             Began as a Spriggan Hunter on Feb 2, 2024.
             Killed by divine providence
             ... invoked by Jeremiah
              (12 damage)
             ... on level 8 of the Dungeon.
             The game lasted 00:00:31 (6808 turns).

qw the Nimble (Spriggan Hunter)                     Turns: 6808, Time: 00:00:31

HP:   0/43 (45)     AC:  6    Str:  7    XL:     9   Next: 58%
MP:   10/10         EV: 27    Int: 11    God:
Gold: 332           SH:  0    Dex: 22    Spells: 8/8 levels left

rFire   + . .        d - +5 arbalest (flame)
rCold   . . .        (shield currently unavailable)
rNeg    . . .        a - +1 robe {rF+}
rPois   .            (helmet restricted)
rElec   .            e - +2 cloak
rCorr   .            (gloves unavailable)
SInv    +            (boots unavailable)
Will    +....        (no amulet)
Stlth   ++           (no ring)
HPRegen 0.27/turn    (no ring)
MPRegen 0.12/turn

%: no passive effects
@: lightly drained, very quick
A: very small, no large weapons, unfitting armour, see invisible, speed 3
a: no special abilities


You were on level 8 of the Dungeon.
You visited 2 branches of the dungeon, and saw 9 of its levels.

You collected 332 gold pieces.


Innate Abilities, Weirdness & Mutations

You are very small and have problems with some larger weapons.
You are too small for most types of armour.
You have supernaturally acute eyesight. (SInv)
You cover ground extremely quickly. (Speed+++)


   Skills:
 - Level 4.0 Fighting
 + Level 10.5 Ranged Weapons
 - Level 11.0 Dodging
 - Level 1.5 Stealth


You had 8 spell levels left.
You didn't know any spells.
Your spell library was empty.

Inventory:

Hand Weapons
 d - a +5 arbalest of flaming (weapon)
Armour
 a - a +1 robe of fire resistance (worn)
 e - a +2 cloak (worn)
Wands
 g - a wand of mindburst (9)
 h - a wand of polymorph (6)
Scrolls
 b - 3 scrolls of teleportation
Potions
 i - a potion of curing
 j - a potion of mutation {unknown}
 k - 4 potions of heal wounds
 l - a potion of degeneration {unknown}
 o - a potion of enlightenment
 p - a potion of might

Dungeon Overview and Level Annotations

Branches:
Dungeon (8/15)             Temple (1/1) D:4
   Lair: D:8-11

Altars:
Cheibriados
Dithmenos
Elyvilon
Fedhas
Hepliaklqana
Kikubaaqudgha
Makhleb
Nemelex Xobeh
Ru
Sif Muna
Uskayaw
Vehumet
Wu Jian
Yredelemnul
Zin
The Shining One

Annotations:
D:8 Jeremiah


Message History

Jeremiah suddenly stops moving!
The now-empty wand crumbles to dust.
The butterfly disappears in a burst of colours!
The butterfly disappears in a burst of colours!
The butterfly disappears in a burst of colours!
You shoot a bolt. The bolt hits the butterfly!
The bolt burns the butterfly.
You kill the butterfly!
The butterfly disappears in a burst of colours!
The butterfly disappears in a burst of colours! x2
The butterfly disappears in a burst of colours!
You shoot a bolt.
The bolt hits Jeremiah but does no damage.
An orc warrior comes into view. It is wielding a +0 battleaxe.
The butterfly disappears in a burst of colours! x2
The butterfly disappears in a burst of colours! x2
Jeremiah is no longer paralysed.
Jeremiah hits you from afar with a +3 trident of draining!
You feel drained. Jeremiah completely misses you.
The butterfly disappears in a burst of colours! x2
Jeremiah says, "Oh, this is an awfully strange dream."
Jeremiah misses you.
The butterfly disappears in a burst of colours!
Jeremiah hits you from afar with a +3 trident of draining.
You feel drained. Jeremiah completely misses you.
The butterfly disappears in a burst of colours! x3
Jeremiah barely misses you.
You shoot a bolt. The bolt misses the butterfly.
The butterfly disappears in a burst of colours! x2
Jeremiah closely misses you.
The butterfly disappears in a burst of colours!
Jeremiah shouts, "O dreadful one, destroy my foe!"
Something smites you!
The butterfly disappears in a burst of colours!
Jeremiah closely misses you.
The butterfly disappears in a burst of colours! x2
Jeremiah lets out a twisted cry.
Something smites you!
You die...
Jeremiah asks, "What happened?
Did... did you die?" ... ... # # ....#b# ##.#.#. ## b.. b .^ #b#.# # ########b#.# #.b.bbFbbb.#

#.#.####@#############
# #........(....####
#############.##..
#.##.. #.##.) #.#...
#.#... #.#.## #.#.#


You could see Jeremiah.

Vanquished Creatures
  Grinder (D:5)
  A hornet (D:8)
  Sigmund (D:6)
  A water moccasin (D:5)
  Duvessa (D:5)
  A black bear (D:6)
  3 ice beasts
  A centaur (D:8)
  A phantom (D:4)
  A kobold brigand (D:6)
  3 scorpions
  8 wights
  Dowan (D:5)
  4 killer bees (D:8)
  3 howler monkeys
  A bombardier beetle (D:6)
  5 hounds
  2 jellies
  3 orc priests
  An iguana (D:4)
  A sleepcap (D:6)
  2 orc wizards
  19 adders
  3 white imps
  4 ufetubi
  A dart slug (D:1)
  4 ribbon worms
  30 orcs
  2 endoplasms
  8 goblins
  A hobgoblin (D:1)
  4 jackals (D:1)
  3 quokkas
  6 ball pythons
  6 bats
  2 frilled lizards (D:3)
  13 kobolds
  7 rats
159 creatures vanquished.

Notes
Turn   | Place    | Note
-------+----------+-------------------------------------------
     0 | D:1      | qw the Spriggan Hunter began the quest for the Orb.
     0 | D:1      | Reached XP level 1. HP: 10/10 MP: 2/2
     0 | D:1      | 0 ||| qw: Version: 0.3-a-155-g5e7d8dd
     0 | D:1      | 0 ||| qw: Game counter: 2570
     0 | D:1      | 0 ||| qw: Melee chars always use a shield: true
     0 | D:1      | 0 ||| qw: God list: Okawaru
     0 | D:1      | 0 ||| qw: Allow faded altars: false
     0 | D:1      | 0 ||| qw: Do Orc after clearing Dungeon:15 true
     0 | D:1      | 0 ||| qw: Do second Lair branch before Depths: true
     0 | D:1      | 0 ||| qw: Lair rune preference: random
     0 | D:1      | 0 ||| qw: Goals: Normal
     0 | D:1      | 0 ||| PLANNING D:1-11
    61 | D:1      | Reached skill level 3 in Dodging
   204 | D:1      | Reached XP level 2. HP: 14/14 MP: 3/3
   211 | D:1      | Reached skill level 4 in Dodging
   807 | D:1      | 807 ||| UPGRADING to +0 cloak.
   812 | D:1      | 812 ||| READING scroll labelled KIOLEC MOICS.
   813 | D:1      | 813 ||| READING scroll labelled FUTUL JUAPN.
   817 | D:1      | 817 ||| READING scroll labelled FETECU ZIUTOO.
   817 | D:1      | 817 ||| IDENTIFYING bubbling silvery potion
   818 | D:1      | 818 ||| READING scroll labelled FIYHAE DOUM.
   819 | D:1      | 819 ||| DROPPING scroll of butterflies.
   820 | D:1      | 820 ||| DROPPING potion of berserk rage.
   857 | D:2      | Reached XP level 3. HP: 18/18 MP: 4/4
  1027 | D:2      | Reached XP level 4. HP: 19/22 MP: 5/5
  1606 | D:2      | 1606 ||| READING scroll of identify.
  1606 | D:2      | 1606 ||| IDENTIFYING viscous grey potion
  1607 | D:2      | 1607 ||| READING scroll labelled JIOFYSY HIRIS.
  1607 | D:2      | 1607 ||| BRANDING +0 shortbow.
  1608 | D:2      | 1608 ||| DRINKING 2 glowing inky potions.
  1609 | D:2      | 1609 ||| DRINKING 2 sedimented green potions.
  1610 | D:2      | 1610 ||| DROPPING potion of invisibility.
  1611 | D:2      | 1611 ||| DROPPING potion of lignification.
  1741 | D:3      | Reached skill level 5 in Dodging
  2033 | D:3      | 2033 ||| READING scroll of brand weapon.
  2033 | D:3      | 2033 ||| BRANDING +0 shortbow of draining.
  2038 | D:3      | Reached XP level 5. HP: 26/26 MP: 6/6
  2246 | D:3      | 2246 ||| READING scroll of identify.
  2246 | D:3      | 2246 ||| IDENTIFYING sedimented blue potion
  2247 | D:3      | 2247 ||| READING scroll labelled QUOLIJ GUARUPN.
  2248 | D:3      | 2248 ||| READING scroll labelled LOUTYNAHOA.
  2349 | D:3      | 2349 ||| READING scroll labelled ZOUS KU WALYSO.
  2350 | D:3      | 2350 ||| READING scroll labelled PUEL PIUNTAG.
  2350 | D:3      | Identified a scroll of acquirement
  2350 | D:3      | 2350 ||| ACQUIRING +4 arbalest of flaming
  2350 | D:3      | Acquired a +4 arbalest of flaming
  2352 | D:3      | 2352 ||| SWAPPING to +4 arbalest of flaming.
  2353 | D:3      | 2353 ||| DROPPING +0 shortbow of flaming.
  2354 | D:3      | 2354 ||| READING scroll labelled VOICWERUTT.
  2355 | D:3      | 2355 ||| READING scroll labelled YHIAXU BYREU.
  2396 | D:4      | Found a staircase to the Ecumenical Temple.
  2397 | D:4      | 2397 ||| PLANNING TEMPLE
  2408 | Temple   | Entered the Ecumenical Temple
  2409 | Temple   | 2409 ||| PLANNING D:1-11
  2486 | D:4      | Found a snail-covered altar of Cheibriados.
  2516 | D:4      | Found a blossoming altar of Fedhas.
  2535 | D:4      | Noticed a phantom
  2538 | D:4      | Killed a phantom
  2539 | D:4      | Reached skill level 6 in Ranged Weapons
  2539 | D:4      | Reached XP level 6. HP: 30/30 MP: 7/7
  2885 | D:4      | Found a hazy altar of Hepliaklqana.
  2947 | D:4      | Reached skill level 6 in Dodging
  3151 | D:4      | 3151 ||| READING scroll of identify.
  3151 | D:4      | 3151 ||| IDENTIFYING coppery potion
  3152 | D:4      | 3152 ||| READING scroll labelled GOUBESTI ROEF.
  3152 | D:4      | 3152 ||| ENCHANTING +4 arbalest of flaming.
  3153 | D:4      | 3153 ||| DRINKING 2 fuming puce potions.
  3154 | D:4      | 3154 ||| DROPPING potion of brilliance.
  3172 | D:5      | Entered Level 5 of the Dungeon
  3200 | D:5      | Reached XP level 7. HP: 23/35 MP: 8/8
  3200 | D:5      | 3200 ||| FLEEEEING.
  3201 | D:5      | 3201 ||| FLEEEEING.
  3202 | D:5      | 3202 ||| FLEEEEING.
  3203 | D:5      | 3203 ||| FLEEEEING.
  3204 | D:5      | 3204 ||| FLEEEEING.
  3206 | D:5      | 3206 ||| FLEEEEING.
  3207 | D:5      | 3207 ||| FLEEEEING.
  3208 | D:5      | 3208 ||| FLEEEEING.
  3209 | D:5      | 3209 ||| FLEEEEING.
  3210 | D:5      | 3210 ||| FLEEEEING.
  3211 | D:5      | 3211 ||| FLEEEEING.
  3212 | D:5      | 3212 ||| FLEEEEING.
  3213 | D:5      | 3213 ||| STAIRDANCE
  3256 | D:5      | Found a glowing golden altar of the Shining One.
  3265 | D:5      | Identified the +0 hand axe "Lofucw" {freeze, rC- Dex+3
                  | Stlth+}
  3409 | D:5      | Reached skill level 7 in Dodging
  3492 | D:5      | Found a glowing silver altar of Zin.
  3825 | D:5      | Noticed Grinder
  3827 | D:5      | Killed Grinder
  4059 | D:5      | Noticed Duvessa
  4064 | D:5      | Killed Duvessa
  4065 | D:5      | Reached XP level 8. HP: 39/39 MP: 9/9
  4067 | D:5      | Noticed Dowan
  4074 | D:5      | Killed Dowan
  4075 | D:5      | Reached skill level 3 in Fighting
  4180 | D:5      | 4180 ||| READING 3 scrolls of identify.
  4180 | D:5      | 4180 ||| IDENTIFYING glowing silvery potion
  4238 | D:6      | Reached skill level 8 in Dodging
  4249 | D:6      | Noticed Sigmund
  4251 | D:6      | Killed Sigmund
  4256 | D:6      | 4256 ||| FLEEEEING.
  4262 | D:6      | 4262 ||| FLEEEEING.
  4264 | D:6      | 4264 ||| FLEEEEING.
  4266 | D:6      | 4266 ||| FLEEEEING.
  4267 | D:6      | 4267 ||| FLEEEEING.
  4287 | D:6      | Reached skill level 9 in Ranged Weapons
  4311 | D:6      | 4311 ||| FLEEEEING.
  4312 | D:6      | 4312 ||| FLEEEEING.
  4313 | D:6      | 4313 ||| FLEEEEING.
  4314 | D:6      | 4314 ||| FLEEEEING.
  4315 | D:6      | 4315 ||| FLEEEEING.
  4316 | D:6      | 4316 ||| FLEEEEING.
  4317 | D:6      | 4317 ||| FLEEEEING.
  4320 | D:6      | 4320 ||| FLEEEEING.
  4321 | D:6      | 4321 ||| FLEEEEING.
  4322 | D:6      | 4322 ||| FLEEEEING.
  4323 | D:6      | 4323 ||| FLEEEEING.
  4324 | D:6      | 4324 ||| FLEEEEING.
  4325 | D:6      | 4325 ||| FLEEEEING.
  4326 | D:6      | 4326 ||| FLEEEEING.
  4327 | D:6      | 4327 ||| FLEEEEING.
  4328 | D:6      | 4328 ||| FLEEEEING.
  4329 | D:6      | 4329 ||| STAIRDANCE
  4403 | D:5      | 4403 ||| READING 3 scrolls of identify.
  4403 | D:5      | 4403 ||| IDENTIFYING scroll labelled ONUNI YVANLIPT
  4404 | D:5      | 4404 ||| READING scroll of enchant armour.
  4404 | D:5      | 4404 ||| ENCHANTING +0 cloak.
  4407 | D:6      | 4407 ||| STAIRDANCE
  4445 | D:6      | Reached skill level 9 in Dodging
  4804 | D:6      | Found an ancient bone altar of Kikubaaqudgha.
  4895 | D:6      | Reached XP level 9. HP: 44/44 MP: 10/10
  5164 | D:6      | 5164 ||| READING 2 scrolls of identify.
  5164 | D:6      | 5164 ||| IDENTIFYING scroll labelled PYIWAF UCROAR
  5165 | D:6      | 5165 ||| READING scroll of identify.
  5165 | D:6      | 5165 ||| IDENTIFYING scroll labelled ITROTI BATU
  5166 | D:6      | 5166 ||| DROPPING scroll of silence.
  5167 | D:6      | 5167 ||| DROPPING scroll of fog.
  5247 | D:6      | 5247 ||| UPGRADING to +1 robe of fire resistance.
  5257 | D:6      | 5257 ||| DROPPING +0 robe.
  5271 | D:7      | 5271 ||| STAIRDANCE
  5389 | D:7      | Reached skill level 10 in Dodging
  5403 | D:7      | 5403 ||| READING 5 scrolls of teleportation.
  5408 | D:7      | 5408 ||| READING 4 scrolls of teleportation.
  5413 | D:7      | 5413 ||| FLEEEEING to unexplored (badform).
  5414 | D:7      | 5414 ||| FLEEEEING to unexplored (badform).
  5415 | D:7      | 5415 ||| FLEEEEING to unexplored (badform).
  5416 | D:7      | 5416 ||| FLEEEEING to unexplored (badform).
  5417 | D:7      | 5417 ||| FLEEEEING to unexplored (badform).
  5418 | D:7      | 5418 ||| FLEEEEING to unexplored (badform).
  5419 | D:7      | 5419 ||| FLEEEEING to unexplored (badform).
  5420 | D:7      | 5420 ||| FLEEEEING to unexplored (badform).
  5421 | D:7      | 5421 ||| FLEEEEING to unexplored (badform).
  5422 | D:7      | 5422 ||| FLEEEEING to unexplored (badform).
  5423 | D:7      | 5423 ||| FLEEEEING to unexplored (badform).
  5424 | D:7      | 5424 ||| FLEEEEING to unexplored (badform).
  5425 | D:7      | 5425 ||| FLEEEEING to unexplored (badform).
  5426 | D:7      | 5426 ||| FLEEEEING to unexplored (badform).
  5427 | D:7      | 5427 ||| FLEEEEING to unexplored (badform).
  5751 | D:7      | 5751 ||| READING scroll of enchant armour.
  5751 | D:7      | 5751 ||| ENCHANTING +1 cloak.
  5791 | D:7      | Found a radiant altar of Vehumet.
  6303 | D:7      | 6303 ||| READING scroll of identify.
  6303 | D:7      | 6303 ||| IDENTIFYING blue potion
  6304 | D:7      | 6304 ||| DROPPING potion of magic.
  6414 | D:8      | 6414 ||| RETREEEEATING.
  6415 | D:8      | 6415 ||| RETREEEEATING.
  6424 | D:8      | Reached skill level 11 in Dodging
  6604 | D:8      | 6604 ||| ZAPPING wand of paralysis (5) at 0,1 (hornet;
                  | floor).
  6605 | D:8      | 6605 ||| FLEEEEING.
  6606 | D:8      | 6606 ||| FLEEEEING.
  6607 | D:8      | 6607 ||| FLEEEEING.
  6608 | D:8      | 6608 ||| FLEEEEING.
  6609 | D:8      | 6609 ||| FLEEEEING.
  6610 | D:8      | 6610 ||| FLEEEEING.
  6611 | D:8      | 6611 ||| FLEEEEING.
  6618 | D:8      | 6618 ||| FLEEEEING.
  6619 | D:8      | 6619 ||| FLEEEEING.
  6620 | D:8      | 6620 ||| FLEEEEING.
  6621 | D:8      | 6621 ||| FLEEEEING.
  6622 | D:8      | 6622 ||| FLEEEEING.
  6623 | D:8      | 6623 ||| FLEEEEING.
  6624 | D:8      | 6624 ||| FLEEEEING.
  6625 | D:8      | 6625 ||| FLEEEEING.
  6626 | D:8      | 6626 ||| FLEEEEING.
  6628 | D:8      | 6628 ||| FLEEEEING.
  6629 | D:8      | 6629 ||| FLEEEEING.
  6630 | D:8      | 6630 ||| FLEEEEING.
  6631 | D:8      | 6631 ||| FLEEEEING.
  6634 | D:8      | 6634 ||| FLEEEEING.
  6637 | D:8      | 6637 ||| FLEEEEING.
  6638 | D:8      | 6638 ||| FLEEEEING.
  6639 | D:8      | 6639 ||| FLEEEEING.
  6640 | D:8      | 6640 ||| FLEEEEING.
  6641 | D:8      | 6641 ||| FLEEEEING.
  6642 | D:8      | 6642 ||| FLEEEEING.
  6643 | D:8      | 6643 ||| FLEEEEING.
  6644 | D:8      | 6644 ||| FLEEEEING.
  6645 | D:8      | 6645 ||| FLEEEEING.
  6646 | D:8      | 6646 ||| FLEEEEING.
  6647 | D:8      | 6647 ||| FLEEEEING.
  6649 | D:8      | 6649 ||| FLEEEEING.
  6650 | D:8      | 6650 ||| FLEEEEING.
  6651 | D:8      | 6651 ||| FLEEEEING.
  6652 | D:8      | 6652 ||| FLEEEEING.
  6653 | D:8      | 6653 ||| FLEEEEING.
  6654 | D:8      | 6654 ||| FLEEEEING.
  6655 | D:8      | 6655 ||| FLEEEEING.
  6733 | D:8      | Noticed Jeremiah
  6765 | D:8      | 6765 ||| ZAPPING wand of paralysis (4) at 1,1 (Jeremiah;
                  | floor).
  6766 | D:8      | 6766 ||| ZAPPING wand of paralysis (3) at -6,1 (Jeremiah;
                  | floor).
  6772 | D:8      | 6772 ||| FLEEEEING.
  6773 | D:8      | 6773 ||| FLEEEEING.
  6780 | D:8      | 6780 ||| ZAPPING wand of paralysis (2) at -3,-2 (Jeremiah;
                  | floor).
  6783 | D:8      | 6783 ||| ZAPPING wand of paralysis (1) at -3,-2 (Jeremiah;
                  | floor).
  6808 | D:8      | Killed from afar by Jeremiah

Levels and vault maps discovered:
D:1:      doesnt_arrival_eight_statues, layout_basic
D:2:      minmay_inner_zag, layout_basic
D:3:      layout_basic
D:4:      layout_loops_cross, fedhas_altar_2,
          mainiacjoe_overflow_concentric_impassable, amcnicky_altar_gilded,
          minmay_temple_entry_wispy, nicolae_figureground_sparkle
D:5:      layout_basic, lemuel_doored_altar, old_standard_altar, uniq_duvessa,
          uniq_grinder
D:6:      layout_basic, mainiacjoe_overflow_24_doors, uniq_sigmund
D:7:      layout_layer_cave, lemuel_coloured_pillars_altar
D:8:      layout_basic, roderic_serpentine_path, uniq_jeremiah
Temple:   nicolae_temple_figure_zero

Skill      XL: |  1  2  3  4  5  6  7  8  9 |
---------------+----------------------------+-----
Dodging        | 3 4 5 6 7 9 11 | 11.0
Ranged Weapons | 5 6 7 8 10 | 10.5
Fighting       | 2 3 4 |  4.0
Stealth        | |  1.5

Action                     |  1- 3 |  4- 6 |  7- 9 || total
---------------------------+-------+-------+-------++-------
   Fire: Shortbow          |    77 |    68 |       ||   145
         Arbalest          |       |    48 |   184 ||   232
  Evoke: Wand              |       |       |     5 ||     5
    Use: Scroll            |     4 |    12 |     9 ||    25
         Potion            |       |     3 |       ||     3
 Armour: Robe              |     8 |     2 |    24 ||    34
  Dodge: Dodged            |    36 |    12 |   101 ||   149

Table legend:
 A = Non-vault XP
 B = Vault XP
 C = Vault XP percentage of total XP
 D = Non-vault monster count
 E = Vault monster count
 F = Vault count percentage of total count
                 A         B        C        D         E       F
            +---------+---------+-------+---------+---------+-------
      Total |    3613 |     772 |  17.6 |     150 |       9 |   5.7
            +---------+---------+-------+---------+---------+-------
        D:1 |      36 |       0 |   0.0 |      21 |       0 |   0.0
        D:2 |      61 |      32 |  34.4 |      13 |       5 |  27.8
        D:3 |      73 |       0 |   0.0 |      20 |       0 |   0.0
        D:4 |     433 |       0 |   0.0 |      24 |       0 |   0.0
        D:5 |     519 |     514 |  49.8 |      16 |       3 |  15.8
        D:6 |    1129 |     226 |  16.7 |      31 |       1 |   3.1
        D:7 |     660 |       0 |   0.0 |      14 |       0 |   0.0
        D:8 |     702 |       0 |   0.0 |      11 |       0 |   0.0
            +---------+---------+-------+---------+---------+-------
